 Dungeon Sprint DCSS version 0.19.5 (webtiles) character file.

7271 Groucho the Brawler (level 10, -4/166 HPs)
             Began as a Troll Berserker on Apr 19, 2017.
             Was the Champion of Trog.
             Slain by an unseen horror (10 damage)
             ... in the Dungeon (Sprint VII: "The Pits").
             The game lasted 00:05:50 (1593 turns).

Groucho the Brawler (Troll Berserker)               Turns: 1593, Time: 00:05:50

Health: -4/166     AC:  7    Str: 35    XL:     10   Next: 89%
Magic:  9/9        EV: 16    Int:  3    God:    Trog [******]
Gold:   0          SH:  0    Dex: 15    Spells: 0 memorised, 9 levels left

rFire  + . .     SeeInvis .       - Unarmed
rCold  . . .     Gourm    +     t - +2 robe {rF+}
rNeg   . . .     Faith    .     (no shield)
rPois  .         Spirit   .     (helmet restricted)
rElec  .         Reflect  .     (no cloak)
rCorr  .         Harm     .     (gloves unavailable)
MR     ++...     NoTele   +     (boots unavailable)
Stlth  ..........               (no amulet)
                                q - +3 ring of strength
                                p - +3 ring of dexterity

@: berserking, regenerating, very quick
A: unfitting armour, claws 3, fast metabolism 3, gourmand, regeneration 1,
shaggy fur 1, tough skin 2
a: Berserk, Trog's Hand, Brothers in Arms, Burn Spellbooks, Renounce Religion


You were in the Dungeon.
You worshipped Trog.
Trog was exalted by your worship.
You were not hungry.

You visited 1 branch

Inventory:

Hand Weapons
 o - the +3 arbalest of Geinuivi {elec, Dex+2 Stlth+, unknown}
   (Trog gifted it to you in the Dungeon)

   It charges the ammunition it shoots with electricity; occasionally upon a
   hit, such missiles may discharge and cause terrible harm.
   It affects your dexterity (+2).
   It makes you more stealthy.
 s - the +4 giant spiked club of Misery {flame, Str+2 Int+3, unknown}
   (Trog gifted it to you in the Dungeon)

   It has been specially enchanted to burn those struck by it, causing extra
   injury to most foes and up to half again as much damage against particularly
   susceptible opponents.
   It affects your strength (+2).
   It affects your intelligence (+3).
Missiles
 n - 10 stones (quivered)
Armour
 t - a +2 robe of fire resistance (worn)
Jewellery
 p - a +3 ring of dexterity (left claw)
 q - a +3 ring of strength (right claw)
Scrolls
 h - a scroll of blinking
 j - 3 scrolls of remove curse
 k - a scroll of summoning
Potions
 c - 8 potions of curing
 d - 12 potions of heal wounds
 e - 2 potions of haste
 f - 4 potions of magic
 g - 3 potions of berserk rage
 i - 2 potions of invisibility
 r - 2 potions of cure mutation
Comestibles
 b - 9 bread rations
 l - 40 fruits
 m - 7 meat rations


   Skills:
 + Level 10.4 Fighting
 + Level 10.0 Armour
 + Level 10.4 Dodging
 * Level 16.3 Unarmed Combat


You had 9 spell levels left.
You didn't know any spells.

Dungeon Overview and Level Annotations

Branches:
Dungeon (1/1)

Altars:
Ashenzari
Cheibriados
Dithmenos
Elyvilon
Fedhas
Gozag
Hepliaklqana
Kikubaaqudgha
Makhleb
Nemelex Xobeh
Okawaru
Qazlal
Ru
Sif Muna
Trog
Uskayaw
Vehumet
Xom
Yredelemnul
Zin
The Shining One
Beogh
Jiyva
Lugonu


Innate Abilities, Weirdness & Mutations

You are too large for most types of armour.
You have claws for hands.
Your metabolism is lightning-fast.
You like to eat raw meat.
Your natural rate of healing is unusually fast.
You are covered in fur. (AC +1)
You have very tough skin. (AC +2)


Message History

Trog grants you a gift! The warg bites you.
* * * LOW HITPOINT WARNING * * *
The orc wizard gestures wildly while chanting.
The orc wizard blinks!
The jumping spider leaps!
You barely miss the redback. You claw the redback!!
You feel the power of Trog in you as your rage grows.
You kill the redback!
Trog accepts your kill. Something hits you!
* * * LOW HITPOINT WARNING * * *
Something barely misses you. The warg misses you.
You scratch something. You claw something!
The jumping spider leaps!
Something completely misses you.
Unknown command.
Unknown command.
The redback closely misses you. The warg bites you.
* * * LOW HITPOINT WARNING * * *
The jumping spider leaps!
Something hits you!
You die...

)...# ##### #####
#### #########
...'..'...##
.§......
...'..'.....##o....s
..##..##.....##...§#
###....###....#.s§§#
#........###[###os#
...#..#...#....#@h#
[.........'....))s+
)..#..#...#)...#).#
#........###)###f.#
###....###....#....#
..##..##.)...##....#
..)'..'†....##......
...'..')..###
....... ###########
#########


You could see an orc high priest, a wandering mushroom, a warg, a jumping
spider, 3 redbacks and an orc wizard.

Vanquished Creatures
  Josephine (D)
  A death yak (D)
  A shadow wraith (D)
  An orc knight (D)
  A deep elf mage (D)
  A black mamba (D)
  A molten gargoyle (D)
  A kobold demonologist (D)
  A guardian mummy (D)
  A troll (D)
  A tyrant leech (D)
  A hippogriff (D)
  A snapping turtle (D)
  A shadow (D)
  6 wraiths (D)
  2 redbacks (D)
  A hungry ghost (D)
  A warg (D)
  A soldier ant (D)
  An orc warrior (D)
  2 black bears (D)
  2 ogres (D)
  A centaur (D)
  An orc priest (D)
  A quasit (D)
  2 orc wizards (D)
  An iguana (D)
  2 worker ants (D)
  A mummy (D)
  2 gnolls (D)
  An ufetubus (D)
  A worm (D)
  2 leopard geckos (D)
  7 orcs (D)
  3 ball pythons (D)
  A giant cockroach (D)
  A hobgoblin (D)
  2 jackals (D)
  A frilled lizard (D)
60 creatures vanquished.

Vanquished Creatures (collateral kills)
  A phantasmal warrior (D)
  A hippogriff (D)
  An orc wizard (D)
3 creatures vanquished.

Grand Total: 63 creatures vanquished

Notes
Turn   | Place    | Note
-------+----------+-------------------------------------------
     0 | D        | Groucho the Troll Berserker began the quest for the Orb.
     0 | D        | Reached XP level 1. HP: 22/22 MP: 0/0
     8 | D        | Noticed a worker ant
    14 | D        | Killed a worker ant
    14 | D        | Reached skill level 1 in Armour
    14 | D        | Reached skill level 4 in Unarmed Combat
    14 | D        | Reached XP level 2. HP: 21/31 MP: 1/1
    48 | D        | Found a radiant altar of Vehumet.
    48 | D        | Found a hide-covered altar of Uskayaw.
    48 | D        | Found an ancient bone altar of Kikubaaqudgha.
    48 | D        | Found a viscous altar of Jiyva.
    48 | D        | Found a hazy altar of Hepliaklqana.
    49 | D        | Found a bloodstained altar of Trog.
    49 | D        | Found a deep blue altar of Sif Muna.
    49 | D        | Found a sacrificial altar of Ru.
    49 | D        | Found a stormy altar of Qazlal.
    49 | D        | Found an iron altar of Okawaru.
    49 | D        | Found a sparkling altar of Nemelex Xobeh.
    49 | D        | Found an opulent altar of Gozag.
    49 | D        | Found a blossoming altar of Fedhas.
    49 | D        | Found a white marble altar of Elyvilon.
    49 | D        | Found a shadowy altar of Dithmenos.
    49 | D        | Found a snail-covered altar of Cheibriados.
    50 | D        | Found a glowing golden altar of the Shining One.
    50 | D        | Found a glowing silver altar of Zin.
    51 | D        | Found a burning altar of Makhleb.
    51 | D        | Found a basalt altar of Yredelemnul.
    51 | D        | Found a roughly hewn altar of Beogh.
    52 | D        | Found a corrupted altar of Lugonu.
    52 | D        | Found a shimmering altar of Xom.
    52 | D        | Found a shattered altar of Ashenzari.
    80 | D        | Reached XP level 3. HP: 34/37 MP: 2/2
    83 | D        | Reached ** piety under Trog
   117 | D        | Reached skill level 5 in Unarmed Combat
   119 | D        | Reached *** piety under Trog
   198 | D        | Noticed a black bear
   198 | D        | Noticed a warg
   199 | D        | Noticed a hungry ghost
   214 | D        | Killed a warg
   214 | D        | Reached skill level 7 in Unarmed Combat
   214 | D        | Reached XP level 4. HP: 30/49 MP: 3/3
   214 | D        | Reached XP level 5. HP: 33/55 MP: 4/4
   216 | D        | Reached **** piety under Trog
   216 | D        | Reached skill level 5 in Fighting
   220 | D        | Killed a black bear
   220 | D        | Reached skill level 5 in Dodging
   220 | D        | Reached skill level 8 in Unarmed Combat
   220 | D        | Reached XP level 6. HP: 39/66 MP: 5/5
   224 | D        | Killed a hungry ghost
   224 | D        | Reached skill level 5 in Armour
   224 | D        | Reached skill level 9 in Unarmed Combat
   411 | D        | Reached ***** piety under Trog
   413 | D        | Noticed a hippogriff
   418 | D        | Killed a hippogriff
   418 | D        | Reached skill level 10 in Unarmed Combat
   418 | D        | Reached XP level 7. HP: 59/76 MP: 6/6
   460 | D        | Reached skill level 11 in Unarmed Combat
   574 | D        | Noticed a wraith
   574 | D        | Noticed a wraith
   574 | D        | Noticed a wraith
   582 | D        | Killed a wraith
   582 | D        | Received a gift from Trog
   588 | D        | Killed a wraith
   588 | D        | Reached XP level 8. HP: 40/87 MP: 7/7
   783 | D        | Noticed a guardian mummy
   783 | D        | Noticed Josephine
   788 | D        | Killed Josephine
   788 | D        | Reached skill level 12 in Unarmed Combat
   788 | D        | Reached XP level 9. HP: 93/96 MP: 8/8
   789 | D        | Killed a guardian mummy
   789 | D        | Reached skill level 13 in Unarmed Combat
   791 | D        | Reached ****** piety under Trog
   791 | D        | Received a gift from Trog
  1035 | D        | Noticed a kobold demonologist
  1039 | D        | Noticed an orc knight
  1041 | D        | Noticed a phantasmal warrior
  1043 | D        | Killed a kobold demonologist
  1044 | D        | Killed a phantasmal warrior
  1044 | D        | Reached skill level 14 in Unarmed Combat
  1046 | D        | Received a gift from Trog
  1052 | D        | Killed an orc knight
  1058 | D        | Received a gift from Trog
  1066 | D        | Got a shimmering giant spiked club {god gift}
  1093 | D        | Noticed a black mamba
  1101 | D        | Killed a black mamba
  1101 | D        | Reached XP level 10. HP: 96/107 MP: 9/9
  1369 | D        | Noticed a molten gargoyle
  1369 | D        | Noticed a death yak
  1374 | D        | Killed a death yak
  1374 | D        | Reached skill level 15 in Unarmed Combat
  1375 | D        | Killed a molten gargoyle
  1383 | D        | Received a gift from Trog
  1537 | D        | Received a gift from Trog
  1543 | D        | Killed a shadow wraith
  1543 | D        | Reached skill level 10 in Fighting
  1543 | D        | Reached skill level 10 in Dodging
  1553 | D        | Got a polished arbalest {god gift}
  1580 | D        | Noticed a deep elf mage
  1583 | D        | Noticed an orc high priest
  1584 | D        | Killed a deep elf mage
  1584 | D        | Reached skill level 16 in Unarmed Combat
  1589 | D        | Reached skill level 10 in Armour
  1590 | D        | Received a gift from Trog
  1591 | D        | HP: 5/166 [something (7)]
  1593 | D        | Slain by an unseen horror

Skill      XL: |  1  2  3  4  5  6  7  8  9 10 |
---------------+-------------------------------+-----
Fighting       | 3 4 5 6 7 8 9 10 | 10.4
Armour         | 1 3 4 5 6 7 8 10 | 10.0
Dodging        | 3 4 5 6 7 8 9 10 | 10.4
Unarmed Combat | 4 7 8 10 11 12 14 16 | 16.3

Action                   |  1- 3 |  4- 6 |  7- 9 | 10-12 || total
-------------------------+-------+-------+-------+-------++-------
Melee: Unarmed           |    33 |    19 |    69 |    37 ||   158
       Punch             |     1 |     1 |     5 |     6 ||    13
Invok: Berserk           |     1 |       |     1 |     1 ||     3
       Trog's Hand       |       |       |     3 |     3 ||     6
       Brothers in Arms  |       |       |     1 |       ||     1
 Stab: Sleeping          |     1 |       |       |       ||     1
       Distracted        |       |       |     1 |       ||     1
  Eat: Chunk             |     6 |     6 |     5 |     3 ||    20
Armor: Animal skin       |     9 |     5 |    10 |       ||    24
       Robe              |       |       |     7 |     3 ||    10
Dodge: Dodged            |    16 |     7 |    46 |    20 ||    89
